 Dungeon Crawl Stone Soup version 0.25.1-2-g60ff931df9 (webtiles) character file.

Game seed: 13745462919003637773

5056 DogServant the Quickloader (level 10, -15/69 HPs)
             Began as a Kobold Hunter on Oct 16, 2020.
             Was a Believer of Okawaru.
             Killed by the air
             ... invoked by Gastronok
              (37 damage)
             ... on level 10 of the Dungeon.
             The game lasted 00:27:28 (14257 turns).

DogServant the Quickloader (Kobold Hunter)         Turns: 14257, Time: 00:27:29

Health: -15/69     AC:  5    Str: 10    XL:     10   Next: 86%
Magic:  14/14      EV: 20    Int: 14    God:    Okawaru [**....]
Gold:   565        SH:  0    Dex: 17    Spells: 9/9 levels left

rFire    . . .     SeeInvis .   a - +4 hand crossbow
rCold    + . .     Gourm    .   (shield restricted)
rNeg     . . .     Faith    .   c - +0 leather armour
rPois    .         Spirit   .   C - +0 helmet
rElec    .         Reflect  .   l - +0 cloak
rCorr    .         Harm     .   (no gloves)
MR       .....                  (no boots)
Stlth    +++.......             (no amulet)
HPRegen  0.21/turn              j - ring of wizardry
MPRegen  0.14/turn              (no ring)

@: no status effects
A: small, carnivore, cold resistance 1, robust 1
a: Heroism, Renounce Religion


You were on level 10 of the Dungeon.
You worshipped Okawaru.
Okawaru was pleased with you.
You were completely stuffed.

You visited 2 branches of the dungeon, and saw 11 of its levels.

You collected 565 gold pieces.

Inventory:

Hand Weapons
 a - a +4 hand crossbow (weapon)
 b - a +1 short sword
 p - a +2 whip of electrocution
 s - a +0 longbow
 y - the +5 mace of Obsession {vorpal, rElec rN++ Str-5 Int+3}
   (You found it on level 7 of the Dungeon)

   It inflicts extra damage upon your enemies.
   It affects your strength (-5).
   It affects your intelligence (+3).
   It insulates you from electricity.
   It greatly protects you from negative energy.
Missiles
 g - 30 poisoned darts
 i - 155 arrows
 q - a bolt (quivered)
Armour
 c - a +0 leather armour (worn)
 l - a +0 cloak (worn)
 C - a +0 helmet (worn)
 D - a +0 ring mail
Jewellery
 j - a ring of wizardry (left hand)
 K - a +4 ring of evasion
Wands
 k - a wand of flame (17)
 m - a wand of random effects (24)
 u - a wand of acid (3)
Scrolls
 e - 6 scrolls of remove curse
 o - a scroll of noise
 v - 2 scrolls of magic mapping
 w - a scroll of teleportation
 G - a scroll of enchant weapon
 J - a scroll of amnesia {unknown}
 M - a scroll of enchant armour {unknown}
Potions
 d - 2 potions of lignification
 h - 4 potions of curing
 r - 2 potions of flight
 t - 3 potions of magic
 x - 2 potions of mutation
 z - a potion of haste
 A - a potion of brilliance {unknown}
 B - 2 potions of berserk rage {unknown}
 F - a potion of might
 H - a potion of stabbing
 L - 2 potions of heal wounds {unknown}
Comestibles
 f - 20 rations
 E - 4 chunks of flesh


   Skills:
 - Level 7.4 Fighting
 - Level 4.4 Short Blades
 + Level 4.2 Maces & Flails
 + Level 11.3 Crossbows
 - Level 8.1 Dodging
 - Level 5.0 Stealth
 + Level 5.7 Evocations


You had 9 spell levels left.
You didn't know any spells.
Your spell library contained the following spells:

 Spells                   Type           Power        Failure   Level  Hunger
 Animate Skeleton         Necr           N/A          16%         1    ##.....
 Apportation              Tloc           #.....       16%         1    ##.....
 Corona                   Hex            #......      16%         1    ##.....
 Summon Small Mammal      Summ           #...         16%         1    ##.....


Dungeon Overview and Level Annotations

Branches:
Dungeon (10/15)            Temple (1/1) D:6            Lair (0/6) D:8
    Orc: D:9-12

Altars:
Ashenzari
Cheibriados
Dithmenos
Elyvilon
Fedhas
Gozag
Hepliaklqana
Kikubaaqudgha
Makhleb
Nemelex Xobeh
Okawaru
Qazlal
Ru
Sif Muna
Trog
Uskayaw
Vehumet
Wu Jian
Xom
Yredelemnul
Zin
The Shining One

Annotations:
D:10 Gastronok


Innate Abilities, Weirdness & Mutations

You are small and have problems with some larger weapons.
You are carnivorous and can eat meat at any time.
Your flesh is cold resistant. (rC+)
You are robust. (+10% HP)


Message History

You are too injured to fight recklessly!
Firing (i - inventory. (/) - cycle)
q - 4 bolts (quivered)
Press: ? - help, Shift-Dir - straight line, f/p - Gastronok
Aim: Gastronok, wearing a +0 hat (severely wounded, extremely poisoned)
You shoot a bolt. The bolt hits Gastronok!
Gastronok is severely wounded.
Firing (i - inventory. (/) - cycle)
q - 3 bolts (quivered)
Press: ? - help, Shift-Dir - straight line, f/p - Gastronok
Aim: Gastronok, wearing a +0 hat (severely wounded, extremely poisoned)
You shoot a bolt. The bolt hits Gastronok!
Gastronok is almost dead.
Firing (i - inventory. (/) - cycle)
q - 2 bolts (quivered)
Press: ? - help, Shift-Dir - straight line, f/p - Gastronok
Aim: Gastronok, wearing a +0 hat (almost dead, extremely poisoned)
You shoot a bolt. The bolt hits Gastronok!
Gastronok is almost dead.
Gastronok waves his eye-stalks in wide circles.
The air twists around and strikes you!!!
Ouch! That really hurt!
You die...

.((.#
#########(..#
#........(..#
#.......(.$.#.#
#.......(#..#.#
#.......(##.#.###.
#.......w+..#.....
#........#....#
#.....()@#.#..#
#............># #
#.......รท[....#.#
######....##....#
#########.##.#
#<........# ..
########### .# #


You could see Gastronok (extremely poisoned).

Vanquished Creatures
  Pikel (D:4)
  A troll (D:8)
  Prince Ribbit (D:6)
  Sigmund (D:2)
  A hungry ghost (D:8)
  An acid dragon (D:9)
  Duvessa (D:4)
  An ice beast (D:5)
  A slave (D:4)
  2 orc warriors
  2 sky beasts
  2 black bears
  2 ogres
  2 wolves (D:8)
  2 big kobolds (D:8)
  3 bullfrogs
  Dowan (D:4)
  4 scorpions
  A water moccasin skeleton (D:9)
  10 killer bees
  An electric eel (D:8)
  3 howler monkeys
  5 crimson imps
  9 hounds
  10 orc wizards
  2 bullfrog skeletons
  3 orc priests
  A centaur skeleton (D:8)
  Jessica (D:2)
  Natasha (thrice) (D:4)
  2 iguanas
  7 worker ants
  12 adders
  2 shadow imps
  An adder skeleton (D:4)
  4 worms
  4 dart slugs
  6 leopard geckos
  41 orcs
  A ball python (D:2)
  8 bats
  2 giant cockroaches
  3 goblins
  8 hobgoblins
  4 jackals (D:2)
  11 kobolds
  3 quokkas
  6 frilled lizards
  A giant cockroach zombie (D:6)
  A leopard gecko zombie (D:6)
  A quokka skeleton (D:7)
  8 rats
214 creatures vanquished.

Vanquished Creatures (others)
  An orc (D:4)
1 creature vanquished.

Grand Total: 215 creatures vanquished

Notes
Turn   | Place    | Note
-------+----------+-------------------------------------------
     0 | D:1      | DogServant the Kobold Hunter began the quest for the Orb.
     0 | D:1      | Reached XP level 1. HP: 12/12 MP: 1/1
   154 | D:1      | Reached skill level 5 in Crossbows
   245 | D:1      | Reached XP level 2. HP: 17/17 MP: 2/2
   659 | D:1      | Reached XP level 3. HP: 21/21 MP: 3/3
   852 | D:2      | Found a blossoming altar of Fedhas.
   904 | D:2      | Noticed Jessica
   912 | D:2      | Killed Jessica
   912 | D:2      | Reached XP level 4. HP: 23/26 MP: 4/4
  1164 | D:2      | Reached skill level 6 in Crossbows
  1390 | D:2      | Found a snail-covered altar of Cheibriados.
  1619 | D:2      | Noticed Sigmund
  1776 | D:3      | Reached XP level 5. HP: 30/30 MP: 5/5
  2037 | D:3      | Reached skill level 1 in Short Blades
  2522 | D:4      | Gained mutation: You are robust. (+10% HP) [potion of
                  | mutation]
  2522 | D:4      | Gained mutation: Your flesh is cold resistant. (rC+)
                  | [potion of mutation]
  2895 | D:4      | Noticed a slave
  2898 | D:4      | Found a bloodstained altar of Trog.
  3106 | D:4      | Noticed a slave
  3106 | D:4      | Noticed a slave
  3106 | D:4      | Noticed a slave
  3107 | D:4      | Noticed Pikel
  3135 | D:5      | Entered Level 5 of the Dungeon
  3164 | D:5      | Reached XP level 6. HP: 40/40 MP: 6/6
  3339 | D:5      | Noticed an ice beast
  3444 | D:5      | Noticed a sky beast
  3478 | D:5      | Killed a sky beast
  3478 | D:5      | Reached skill level 7 in Crossbows
  3478 | D:5      | Reached XP level 7. HP: 29/46 MP: 7/7
  4107 | D:5      | Found a burning altar of Makhleb.
  4443 | D:6      | Found a sacrificial altar of Ru.
  4710 | D:6      | Noticed Prince Ribbit
  4805 | D:6      | HP: 1/48 [Prince Ribbit (11)]
  5349 | D:6      | Reached XP level 8. HP: 45/52 MP: 8/8
  5441 | D:6      | Reached skill level 5 in Fighting
  5441 | D:6      | Reached skill level 8 in Crossbows
  5908 | D:4      | Noticed Duvessa
  6082 | D:2      | Killed Sigmund
  6082 | D:2      | Reached skill level 5 in Dodging
  6410 | D:4      | Noticed Dowan
  6422 | D:4      | Killed Duvessa
  6432 | D:4      | Killed Dowan
  6948 | D:6      | Found a staircase to the Ecumenical Temple.
  6953 | Temple   | Entered the Ecumenical Temple
  6978 | Temple   | Became a worshipper of Warmaster Okawaru
  7068 | D:6      | Killed Prince Ribbit
  7068 | D:6      | Reached skill level 9 in Crossbows
  7068 | D:6      | Reached XP level 9. HP: 13/61 MP: 9/9
  8215 | D:4      | Killed Pikel
  8215 | D:4      | Reached * piety under Okawaru
  8447 | D:4      | Noticed Natasha
  8466 | D:4      | Killed Natasha
  8591 | D:4      | Found a shimmering altar of Xom.
  9039 | D:4      | Noticed Natasha
  9050 | D:4      | Killed Natasha
  9078 | D:4      | Found a bloodstained altar of Trog.
  9106 | D:4      | Noticed Natasha
  9110 | D:4      | Killed Natasha
  9252 | D:4      | Found a shimmering altar of Xom.
  9681 | D:4      | Found a shimmering altar of Xom.
  9805 | D:4      | Found a bloodstained altar of Trog.
 10151 | D:6      | Reached skill level 10 in Crossbows
 10438 | D:7      | Reached skill level 1 in Evocations
 10457 | D:7      | Got a brightly glowing mace
 10458 | D:7      | Identified the +5 mace of Obsession {vorpal, rElec rN++
                  | Str-5 Int+3} (You found it on level 7 of the Dungeon)
 10503 | D:7      | Reached skill level 1 in Maces & Flails
 10844 | D:7      | Reached XP level 10. HP: 69/69 MP: 11/11
 11281 | D:7      | Found a glowing golden altar of the Shining One.
 11281 | D:7      | Found an ornate altar of the Wu Jian Council.
 11282 | D:7      | Found a shadowy altar of Dithmenos.
 11860 | D:8      | Found a shattered altar of Ashenzari.
 11974 | D:8      | Reached ** piety under Okawaru
 12214 | D:8      | Identified the +1 ring mail "Tuaf" {MP+9}
 12306 | D:8      | Reached skill level 11 in Crossbows
 12527 | D:8      | Reached skill level 5 in Evocations
 12692 | D:8      | Reached skill level 5 in Stealth
 13039 | D:8      | Found a staircase to the Lair.
 13460 | D:8      | Found a shimmering blue altar of Sif Muna.
 13552 | D:9      | Noticed a +0 hand axe
 13552 | D:9      | Noticed a +0 hand axe
 13553 | D:9      | Found a hide-covered altar of Uskayaw.
 14126 | D:9      | Noticed a two-headed ogre
 14156 | D:10     | Entered Level 10 of the Dungeon
 14224 | D:10     | Noticed Gastronok
 14257 | D:10     | Killed from afar by Gastronok

Illustrated notes

Levels and vault maps discovered:
D:1:      minmay_arrival_jagged, layout_basic
D:2:      layout_rooms, fedhas_ov_isle_minmay, overflow_temple_1_default,
          first_ration, uniq_jessica, uniq_sigmund
D:3:      layout_basic, serial_curves, eino_curves_04, eino_curves_01
D:4:      layout_gridville, lemuel_round_altar, bloody_trog, uniq_pikel,
          uniq_duvessa, uniq_natasha
D:5:      kennysheep_spiral_hall, layout_basic, overflow_temple_1_default
D:6:      layout_basic, kennysheep_mini, temple_doors_ab, uniq_prince_ribbit1
D:7:      layout_cave_pools, gammafunk_temple_overflow_claw
D:8:      layout_basic, led_sif_pool, cheibrodos_ashenzari_chains,
          erik_lair_island, minmay_fractal_squares_5
D:9:      minmay_the_grid_net [minmay_the_grid_dragon_b,
          minmay_the_grid_aliased_spiral, minmay_the_grid_rooms,
          minmay_the_grid_doors, minmay_the_grid_broken_lines,
          minmay_the_grid_prize_shrinking_boxes], layout_basic,
          dancing_weapons_uskayaw, basic_altar, hangedman_ranch
          [blue_anna_fruit_fields], serial_bayou_crossing
D:10:     layout_basic, serial_shops, shop, uniq_sonja, uniq_grum,
          uniq_gastronok, uniq_joseph
Temple:   jpeg_temple_clearing

Skill      XL: |  1  2  3  4  5  6  7  8  9 10 |
---------------+-------------------------------+-----
Crossbows      | 5 6 7 9 10 11 | 11.3
Stealth        | 2 3 5 |  5.0
Dodging        | 3 4 6 7 8 |  8.1
Short Blades   | 2 3 4 |  4.4
Fighting       | 3 4 6 7 |  7.4
Evocations     | 2 5 |  5.7
Maces & Flails | 1 4 |  4.2

Action                   |  1- 3 |  4- 6 |  7- 9 | 10-12 || total
-------------------------+-------+-------+-------+-------++-------
Melee: Short sword       |    48 |    70 |   137 |       ||   255
       Whip              |       |       |   123 |   283 ||   406
       Punch             |       |       |       |     2 ||     2
 Fire: Hand crossbow     |    18 |    93 |    86 |    52 ||   249
Throw: Dart              |       |     8 |   125 |    85 ||   218
Invok: Heroism           |       |       |     3 |     7 ||    10
  Use: Potion            |       |     5 |     6 |     1 ||    12
       Scroll            |       |    10 |     8 |     4 ||    22
 Stab: Sleeping          |     5 |     4 |     2 |     2 ||    13
       Distracted        |       |     1 |       |       ||     1
       Fleeing           |       |       |     1 |       ||     1
  Eat: Chunk             |     8 |     8 |    17 |    22 ||    55
Armor: Leather armour    |    14 |    23 |    46 |    26 ||   109
Dodge: Dodged            |    46 |    95 |   327 |   328 ||   796
